[Event "*** Titled Tuesday Blitz"]
[Site "Chess.com"]
[Date "2020.04.21"]
[Round "6"]
[White "pooh2012"]
[Black "PauloCesarCosta_sad"]
[Result "1-0"]
[WhiteElo "2492"]
[BlackElo "2086"]
[TimeControl "180+1"]
[EndTime "11:08:31 PDT"]
[Termination "pooh2012 won on time"]

1. b3 Nf6 2. Bb2 g6 3. e4 d6 4. d3 Bg7 5. h4 c5 6. Ne2 Nc6 7. Nf4 h5 8. Nd5 O-O 9. Nxf6+ Bxf6 10. Bxf6 exf6 11. Nc3 Be6 12. Qd2 Nd4 13. Ne2 Nxe2 14. Bxe2 f5 15. exf5 Bxf5 16. O-O-O Qf6 17. Kb1 Rfe8 18.
Bf3 Rab8 19. Qf4 Qe5 20. Qg5 Qe7 21. Qd2 Qf6 22. Rde1 b6 23. Qf4 Kg7 24. Bc6 Rxe1+ 25. Rxe1 Bg4 26. Qg3 Rc8 27. Bd5 Rc7 28. f3 Bc8 29.
Re8 Bb7 30. Bxb7 Rxb7 31. Qe1 Rd7 32. g4 hxg4 33. fxg4 d5 34. h5 g5 35. Re5 Rd6 36. Rf5 1-0

[Event "*** Titled Tuesday Blitz"]
[Site "Chess.com"]
[Date "2020.04.21"]
[Round "6"]
[White "keepitcool9499"]
[Black "artichaud"]
[Result "0-1"]
[WhiteElo "2375"]
[BlackElo "2234"]
[TimeControl "180+1"]
[EndTime "11:08:31 PDT"]
[Termination "artichaud won by checkmate"]

1. d4 f5 2. c4 Nf6 3. Nc3 d6 4. Nf3 g6 5. g3 Bg7 6. Bg2 O-O 7. O-O Na6 8. a3 c6 9. b4 Nc7 10. Bb2 b5 11. cxb5 cxb5 12. Ng5 Rb8 13. Qb3+ d5 14. Nf3 Ne4 15. Rac1 Be6 16. Qc2 Rc8 17. Qd3 a6 18. Rfd1 h6 19. Ne5 Kh7 20. f3 Nd6 21. e4 dxe4 22.
fxe4 Bxe5 23. dxe5 Nxe4 24. Nxe4 fxe4 25. Qd2 Nd5 26. Rxc8 Qxc8 27. Bxe4 Nb6 28. Bc1 Bf5 29. Qxh6+ Kg8 30. Bxf5 Qxf5 31. Qe3 Nc4 32. Qe2 Nxe5 33. Rd5 Nf3+ 34. Kg2 Qxd5 35. Bb2 Nd4+ 36. Kh3 Nxe2 37. Bd4 Qxd4 38. a4 Kg7 39. a5 Qe4 40. g4 Rh8# 0-1

[Event "*** Titled Tuesday Blitz"]
[Site "Chess.com"]
[Date "2020.04.21"]
[Round "6"]
[White "emperor87"]
[Black "eljanov"]
[Result "1/2-1/2"]
[WhiteElo "2651"]
[BlackElo "2808"]
[TimeControl "180+1"]
[EndTime "11:08:32 PDT"]
[Termination "Game drawn by repetition"]

1. e4 c6 2. d4 d5 3. e5 Bf5 4.
h4 h5 5. Bd3 Bxd3 6. Qxd3 Qa5+ 7. c3 e6 8. Ne2 c5 9. O-O Nc6 10. Be3 Nh6 11. Nd2 Nf5 12. Nf3 Be7 13. g3 cxd4 14.
Nexd4 Ncxd4 15. Nxd4 g6 16. a4 a6 17. Kg2 Qc7 18. Nf3 Rc8 19. a5 Qc4 20. Qd2 Qe4 21. Bf4 Rc4 22. Rh1 d4 23. Rhe1 Qc6 24. cxd4 Nxd4 25.
Qd3 O-O 26. b3 Rc3 27. Qxd4 Qxf3+ 28. Kg1 Rxb3 29. Rab1 Rd8 30. Qc4 Rxb1 31. Rxb1 Kg7 32. Qc7 Bxh4 33. gxh4 Qxf4 34. Qxd8 Qg4+ 35. Kf1 Qc4+ 36.
Kg1 Qg4+ 37. Kf1 Qc4+ 38. Kg1 Qg4+ 1/2-1/2

[Event "*** Titled Tuesday Blitz"]
[Site "Chess.com"]
[Date "2020.04.21"]
[Round "6"]
[White "LizaSolovyova"]
[Black "algatar2020"]
[Result "1-0"]
[WhiteElo "2490"]
[BlackElo "1955"]
[TimeControl "180+1"]
[EndTime "11:08:32 PDT"]
[Termination "LizaSolovyova won by resignation"]

1. d4 Nf6 2. Nc3 g6 3. e4 d6 4. f3 Bg7 5. Be3 c6 6. Qd2 Qc7 7. O-O-O b5 8. g4 a5 9. h4 a4 10.
a3 Nbd7 11. h5 Nb6 12. h6 Bf8 13. d5 Nc4 14. Bxc4 bxc4 15. dxc6 Qxc6 16. Bd4 e5 17.
Bxe5 Be7 18. Bxd6 Be6 19. Bxe7 Kxe7 20. g5 Nd7 21. Nge2 Rhb8 22. Nd5+ Bxd5 23. exd5 Qb6 24.
Qd4 Qxd4 25. Rxd4 Nb6 26. Nc3 Kd7 27. Rf4 Ke7 28. Re1+ Kf8 29. Re6 Ra5 30. Ref6 Rb7 31. Rd4 Nd7 32. Rc6 Ne5 33. Rc8+ Ke7 34. f4 Nd7 35. Rdxc4 Nb6 36. R8c7+ Rxc7 37. Rxc7+ Ke8 38. d6 Nd5 39. Nxd5 Rxd5 40. Rc8+ Kd7 41. Rh8 Rd4 42. Rxh7 Ke6 43. Rg7 Rxf4 44. Rg8 Rh4 45. Rd8 Rh5 46.
Kd2 f6 47. gxf6 Kxf6 48. Re8 Rxh6 49. c4 Rh2+ 50. Kc3 Rh3+ 51. Kb4 Rb3+ 52. Kc5 Rd3 53. Kc6 g5 54. d7 g4 55. d8=Q+ 1-0

[Event "*** Titled Tuesday Blitz"]
[Site "Chess.com"]
[Date "2020.04.21"]
[Round "6"]
[White "Infernal_XaM"]
[Black "EugeneRougon"]
[Result "1-0"]
[WhiteElo "2940"]
[BlackElo "2707"]
[TimeControl "180+1"]
[EndTime "11:08:34 PDT"]
[Termination "Infernal_XaM won by resignation"]

1. c4 c6 2. e4 d5 3. e5 Bf5 4. d4 e6 5. Nc3 Nd7 6. g4 Bg6 7. Nge2 h6 8. h4 Bb4 9. h5 Bh7 10. a3 Ba5 11. b4 Bc7 12. c5 a5 13. b5 cxb5 14. Nxb5 Ne7 15. Be3 O-O 16. f4 b6 17.
cxb6 Bxb6 18. Bh3 f6 19. Qd2 fxe5 20. fxe5 Be4 21. Rh2 Rf3 22. Bxh6 gxh6 23. Qxh6 Nf8 24. Nd6 a4 25. Rf2 Rxf2 26. Kxf2 Nc6 27. Kg3 Nxd4 28. Nc3 Nc6 29. Ncxe4 dxe4 30. g5 Nxe5 31. Bxe6+ Nxe6 32. Qxe6+ Kh7 33. Qf5+ Kg8 34. Qxe5 Bc7 35. Rd1 Ra6 36. Qe6+ Kh7 37. Qxe4+ Kg8 38. Qc4+ 1-0

[Event "*** Titled Tuesday Blitz"]
[Site "Chess.com"]
[Date "2020.04.21"]
[Round "6"]
[White "ClockworkKubrick"]
[Black "Keks2017"]
[Result "1-0"]
[WhiteElo "2187"]
[BlackElo "2381"]
[TimeControl "180+1"]
[EndTime "11:08:34 PDT"]
[Termination "ClockworkKubrick won by resignation"]

1. e4 c5 2. Nf3 d6 3. Nc3 a6 4. Be2 Nc6 5. d3 g6 6. O-O Bg7 7. Be3 Nd4 8. h3 b5 9. Nh2 b4 10. Nd5 e6 11. Nf4 Nxe2+ 12. Nxe2 Bxb2 13. Rb1 Bg7 14. Qd2 Ne7 15. Bh6 O-O 16. Bxg7 Kxg7 17. f4 f5 18. Nf3 h6 19. c3 a5 20. a3 bxa3 21.
Qa2 Qd7 22. Qxa3 Ba6 23. Rfd1 fxe4 24. Ne1 exd3 25. Nxd3 Qa7 26. c4 Nf5 27. Qc3+ Kh7 28. Rb2 Rf7 29. Rdb1 a4 30. Nf2 Qe7 31. Ne4 Raf8 32.
Rb6 Qa7 33. Nxd6 Nxd6 34. Rxd6 a3 35. Ra1 Bb7 36. Rxa3 Qb8 37. Qd3 Ba8 38. Rxe6 Qb7 39. Qxg6+ Kh8 40. Qxh6+ Kg8 41. Rg6+ Rg7 42. Rxg7+ Qxg7 43. Qxg7+ Kxg7 44. g3 Re8 45. Kf2 Bc6 46. Nc3 Bd7 47. g4 Be6 48. Nd5 Rb8 49. Re3 Kf7 50. f5 1-0

[Event "*** Titled Tuesday Blitz"]
[Site "Chess.com"]
[Date "2020.04.21"]
[Round "6"]
[White "szefru"]
[Black "Alopekos"]
[Result "1-0"]
[WhiteElo "2151"]
[BlackElo "2367"]
[TimeControl "180+1"]
[EndTime "11:08:34 PDT"]
[Termination "szefru won on time"]

1. e4 c5 2. Nf3 e6 3. b3 d6 4.
Bb2 Nf6 5. e5 dxe5 6. Nxe5 Nbd7 7.
f4 Nd5 8. Qf3 Nxe5 9. fxe5 Be7 10.
Bb5+ Bd7 11. Bxd7+ Qxd7 12. O-O O-O 13. d3 Nb4 14. Qf2 Rac8 15. a3 Nc6 16. Nd2 Nd4 17. Ne4 Qd5 18. Nf6+ gxf6 19. Qg3+ Kh8 20. exf6 Rg8 21.
Qh3 Bd6 22. c4 Qg5 23. Rae1 Rg6 24. Bxd4 cxd4 25. g3 Rcg8 26. Qg2 Rxf6 27. Rxf6 Qxf6 28. Kh1 Bxa3 29. Ra1 Bd6 30. Rf1 Qg6 31. Qf3 a5 32.
Qf2 Rf8 33. Qxd4+ Kg8 34. Qxd6 b6 35. Rf3 Qg4 36. Kg2 Qg6 37. Qxb6 1-0

[Event "*** Titled Tuesday Blitz"]
[Site "Chess.com"]
[Date "2020.04.21"]
[Round "6"]
[White "GMHess"]
[Black "GukeshDommaraju"]
[Result "0-1"]
[WhiteElo "2854"]
[BlackElo "2700"]
[TimeControl "180+1"]
[EndTime "11:08:35 PDT"]
[Termination "GukeshDommaraju won by resignation"]

1. b3 e5 2. Bb2 d6 3. e3 g6 4. Ne2 Bg7 5. d3 Ne7 6. Nd2 O-O 7. g3 Nbc6 8. Bg2 Be6 9. h4 h6 10. d4 d5 11. Nf3 e4 12. Nd2 Bg4 13. Bh3 Bxh3 14. Rxh3 Qd7 15. Nf4 Nd8 16. Ba3 Ne6 17. Qg4 f5 18. Qe2 Kh7 19. h5 g5 20. Bxe7 gxf4 21.
Bxf8 f3 22. Qf1 Rxf8 23. Rh1 c5 24. c3 cxd4 25. cxd4 Rc8 26. a4 Qc6 27. Rd1 Qc2 28. Qh3 Rf8 29. Rg1 Ng5 30. Qf1 a6 31. Rh1 Rc8 32.
Rh4 Qb2 33. g4 Rc1 34. gxf5 Qc2 0-1

[Event "*** Titled Tuesday Blitz"]
[Site "Chess.com"]
[Date "2020.04.21"]
[Round "6"]
[White "KubaGepard"]
[Black "PawnEatingZombie"]
[Result "0-1"]
[WhiteElo "2334"]
[BlackElo "2155"]
[TimeControl "180+1"]
[EndTime "11:08:36 PDT"]
[Termination "PawnEatingZombie won on time"]

1. d4 d5 2. Nf3 e6 3. Bf4 Bd6 4. Bg3 Nf6 5. e3 c5 6. c3 Qc7 7. Nbd2 Nbd7 8. Bd3 b6 9. O-O Bb7 10. Qe2 O-O 11. Bxd6 Qxd6 12. e4 dxe4 13. Nxe4 Nxe4 14.
Bxe4 Bxe4 15. Qxe4 Nf6 16. Qh4 cxd4 17. Rad1 Qd5 18.
Rxd4 Qxa2 19. Rf4 Qxb2 20. Ne5 Nd5 21. Rf3 Qe2 22. Ng4 f5 23. Ne3 Nf6 24. Qa4 a5 25.
Qb3 a4 26. Qxe6+ Kh8 27. Qxb6 a3 28. Qb1 a2 29. Qa1 Rfb8 30. Rxf5 Qb2 31. Qxb2 Rxb2 32. Rc5 Rb1 0-1

[Event "*** Titled Tuesday Blitz"]
[Site "Chess.com"]
[Date "2020.04.21"]
[Round "6"]
[White "KrakenBeast"]
[Black "Ginger_GM"]
[Result "0-1"]
[WhiteElo "2354"]
[BlackElo "2576"]
[TimeControl "180+1"]
[EndTime "11:08:37 PDT"]
[Termination "Ginger_GM won by resignation"]

1. e4 e5 2. Nf3 d5 3. Nxe5 Bd6 4. d4 dxe4 5. Nc4 Bf5 6. Nc3 Nf6 7. Bg5 Be7 8. Ne3 Bg6 9. g3 Nc6 10. d5 Ne5 11. Be2 O-O 12. h4 h6 13. Bf4 Bd6 14.
Nb5 Re8 15. Nxd6 cxd6 16. Qd2 Nfd7 17. h5 Bh7 18. O-O-O Rc8 19. Kb1 Nc5 20. g4 f6 21.
Rhg1 Kh8 22. Nf5 Qb6 23. Qd4 a5 24. Ka1 a4 25. Qd2 Ra8 26. Bxh6 Nb3+ 27. cxb3 axb3 28. Bxg7+ Kg8 29. Qh6 Rxa2+ 30. Kb1 Qa5 0-1

[Event "*** Titled Tuesday Blitz"]
[Site "Chess.com"]
[Date "2020.04.21"]
[Round "6"]
[White "DonBroca"]
[Black "Schachmalanders"]
[Result "0-1"]
[WhiteElo "2109"]
[BlackElo "2337"]
[TimeControl "180+1"]
[EndTime "11:08:37 PDT"]
[Termination "Schachmalanders won by resignation"]

1. e4 c5 2. Nf3 d6 3. d4 cxd4 4. Nxd4 Nf6 5. Nc3 a6 6. Be3 e5 7. Nb3 Be6 8. f3 Be7 9. Qd2 O-O 10.
g4 Nbd7 11. g5 Nh5 12. h4 b5 13. Nd5 Rc8 14. Bh3 Bxh3 15. Rxh3 f6 16. O-O-O g6 17. Nxe7+ Qxe7 18. Qxd6 Qxd6 19. Rxd6 Rf7 20. Rxa6 fxg5 21. Bxg5 Rcf8 22. Ra7 Ndf6 23. Rxf7 Kxf7 24. Rh2 Ke6 25. Rd2 Nd7 26. Rd5 Rxf3 27. Rxb5 Ng3 28. Nc5+ Nxc5 29. Rxc5 Rf1+ 30. Kd2 Nxe4+ 31. Kd3 Nxc5+ 32. Kc4 Ne4 33. b4 Nxg5 34. hxg5 Rd1 35. b5 e4 36. b6 Kd6 37. Kb5 e3 38. c4 e2 39. c5+ Kd5 40.
b7 Rb1+ 41. Ka6 Rxb7 42. Kxb7 e1=Q 43. c6 Qb4+ 0-1

[Event "*** Titled Tuesday Blitz"]
[Site "Chess.com"]
[Date "2020.04.21"]
[Round "6"]
[White "Tapuah"]
[Black "chidori_boruto"]
[Result "1-0"]
[WhiteElo "2845"]
[BlackElo "2642"]
[TimeControl "180+1"]
[EndTime "11:08:39 PDT"]
[Termination "Tapuah won on time"]

1. e4 c6 2. d4 d6 3. c4 Nf6 4.
Nc3 e5 5. Nf3 Nbd7 6. Be2 Be7 7.
O-O O-O 8. Qc2 Re8 9. Rd1 Qc7 10. Bg5 h6 11. Bh4 Nf8 12. c5 dxc5 13. dxe5 N6h7 14. Bg3 Be6 15. Nd5 cxd5 16. exd5 Red8 17. Bc4 b5 18. dxe6 bxc4 19. exf7+ Kh8 20. Qxc4 Rxd1+ 21. Rxd1 Rd8 22. Re1 Qc6 23. e6 Qd5 24. Qa6 Ra8 25.
h4 Nf6 26. Ne5 Ne4 27. Nc6 Qxe6 28. Qb7 Qc8 29. Qxc8 Rxc8 30. Nxe7 Nxg3 31. Nxc8 Nf5 32. Re8 1-0

[Event "*** Titled Tuesday Blitz"]
[Site "Chess.com"]
[Date "2020.04.21"]
[Round "6"]
[White "axvesik"]
[Black "FMJoseHerrera"]
[Result "0-1"]
[WhiteElo "2470"]
[BlackElo "2616"]
[TimeControl "180+1"]
[EndTime "11:08:39 PDT"]
[Termination "FMJoseHerrera won by resignation"]

1. e4 c5 2. Nf3 e6 3. d4 cxd4 4. Nxd4 a6 5. Nc3 Qc7 6. Bd3 d6 7. O-O Nd7 8. Qe2 Be7 9. Kh1 Ngf6 10. f4 h5 11. Bd2 h4 12. Rae1 h3 13. e5 hxg2+ 14.
Qxg2 dxe5 15. fxe5 Nxe5 16. Bf4 Nfg4 17. Qxg4 Nxg4 18. Bxc7 Bc5 19. Nb3 Nf2+ 20. Kg2 Nxd3 21. cxd3 Bb4 22. Be5 b5 23. d4 Bb7+ 24. Kg1 f6 25.
Bg3 Kf7 26. Nc5 Bd5 27. Nxd5 Bxe1 28. Rxe1 exd5 29. Re6 Rhe8 30. Rd6 Re2 31. Rxd5 Rxb2 32. Rd7+ Kg6 33. Ne6 Rc8 34. Rxg7+ Kf5 35. Nc7 Rxa2 36.
d5 Ke4 37. Rf7 b4 38. d6 b3 39. d7 b2 40. Re7+ Kf3 41. Re1 Rd8 42. Rf1+ Kg4 43. Ne6 Rxd7 0-1

[Event "*** Titled Tuesday Blitz"]
[Site "Chess.com"]
[Date "2020.04.21"]
[Round "6"]
[White "Firegrizzly"]
[Black "arctic_t00"]
[Result "1-0"]
[WhiteElo "2670"]
[BlackElo "2465"]
[TimeControl "180+1"]
[EndTime "11:08:39 PDT"]
[Termination "Firegrizzly won by resignation"]

1. e4 e6 2. d3 c5 3. g3 Nc6 4.
Bg2 d6 5. c3 Nf6 6. Nf3 Be7 7.
O-O O-O 8. Re1 Bd7 9. a3 Rc8 10. Nbd2 e5 11. b4 b5 12. Bb2 Qb6 13. Nh4 Rfe8 14.
Nf5 Bf8 15. Ne3 Ne7 16. Rb1 g6 17. bxc5 dxc5 18. c4 Nc6 19. cxb5 Nd4 20. Ndc4 Qc7 21. a4 Bh6 22. Bxd4 exd4 23. Nd5 Nxd5 24. exd5 Bf5 25.
Rxe8+ Rxe8 26. a5 Qd7 27. b6 axb6 28. axb6 Bg4 29. Bf3 Bh3 30. b7 Rb8 31. d6 Bf8 32. Ra1 Bxd6 33. Nxd6 Qxd6 34. Ra8 Kg7 35. Qc1 Qe5 36.
Ra5 Re8 37. Ra1 Qf5 38. Bh1 Re2 39. Qf4 Qe6 40. Be4 Qa2 41. Rc1 Qc2 42. b8=Q Rxf2 43. Qbe5+ Kg8 44. Qe8+ Kg7 45. Qexf7+ 1-0

[Event "*** Titled Tuesday Blitz"]
[Site "Chess.com"]
[Date "2020.04.21"]
[Round "6"]
[White "VerdeNotte"]
[Black "GMBenjaminBok"]
[Result "1-0"]
[WhiteElo "2753"]
[BlackElo "2877"]
[TimeControl "180+1"]
[EndTime "11:08:40 PDT"]
[Termination "VerdeNotte won by resignation"]

1. e4 c5 2. Nc3 d6 3. d4 cxd4 4. Qxd4 Nc6 5. Qd2 g6 6. b3 Bh6 7. f4 Nf6 8. Bb2 O-O 9. O-O-O a5 10. a4 Nb4 11. Kb1 Qb6 12. Bc4 Bg4 13. Nge2 Rac8 14. h3 Bd7 15. g4 Rxc4 16. bxc4 Bg7 17. e5 Ne8 18. Qd4 Qa6 19. c5 Bc6 20. Rhe1 dxe5 21. fxe5 Nc7 22. Nf4 Rc8 23. Nd3 Nbd5 24. Nxd5 Nxd5 25.
Rf1 e6 26. Rf2 b6 27. cxb6 Nxb6 28. Nc5 Qa8 29. Rdf1 Bg2 30. Rxf7 Bxf1 31. Rxf1 Qc6 32. Ba3 Rb8 33. Nb3 Nxa4 34. Qd6 Qc4 35. Qxb8+ 1-0

[Event "*** Titled Tuesday Blitz"]
[Site "Chess.com"]
[Date "2020.04.21"]
[Round "6"]
[White "thedjoker98"]
[Black "Galileo22"]
[Result "1-0"]
[WhiteElo "2488"]
[BlackElo "2322"]
[TimeControl "180+1"]
[EndTime "11:08:40 PDT"]
[Termination "thedjoker98 won by checkmate"]

1. d4 Nf6 2. c4 e6 3. Nc3 d5 4.
cxd5 Nxd5 5. e4 Nxc3 6. bxc3 c5 7.
Rb1 Nc6 8. Nf3 cxd4 9. cxd4 Bb4+ 10. Bd2 Bxd2+ 11. Qxd2 O-O 12. Bb5 Ne7 13. O-O b6 14. a4 Bb7 15. Qe3 Rc8 16. a5 a6 17. Bd3 b5 18. Ra1 Rc3 19. e5 Nf5 20. Qd2 Rc7 21.
Bxf5 exf5 22. Ng5 Qd5 23. f3 Rfc8 24. Rfd1 Rc2 25. Qf4 h6 26. Nh3 Qd7 27. Qg3 Kh7 28. Nf4 Qc6 29. d5 Qc5+ 30. Kh1 g6 31. h4 b4 32. e6 Qf8 33. d6 b3 34. Qe1 fxe6 35. d7 Rb8 36. Nxe6 Qf6 37. d8=Q Rxd8 38. Nxd8 b2 39. Rd7+ Kg8 40. Qe8+ Qf8 41. Qxg6+ Kh8 42. Qh7# 1-0

[Event "*** Titled Tuesday Blitz"]
[Site "Chess.com"]
[Date "2020.04.21"]
[Round "6"]
[White "Morshynska"]
[Black "floplover"]
[Result "0-1"]
[WhiteElo "2101"]
[BlackElo "2239"]
[TimeControl "180+1"]
[EndTime "11:08:40 PDT"]
[Termination "floplover won on time"]

1. e4 c6 2. d4 d5 3. Nd2 dxe4 4. Nxe4 Nd7 5. Ng5 Ngf6 6. Bd3 e6 7. N1f3 Bd6 8. Qe2 h6 9. Ne4 Nxe4 10. Qxe4 Qc7 11.
Qg4 Kf8 12. O-O b6 13. b3 Bb7 14. Bb2 Nf6 15. Qh4 Ke7 16. Rfe1 g5 17. Qh3 Nd5 18. g3 Rag8 19. Ne5 c5 20. dxc5 Bxc5 21. Ng6+ fxg6 22.
Qxe6+ Kd8 23. Bxh8 Rxh8 24. Bxg6 Qc6 25. Qxc6 Bxc6 26.
Rad1 Kc7 27. Be4 Re8 28. c4 Rxe4 29. Rxe4 Nc3 30. Ree1 Nxd1 31. Rxd1 g4 32. Re1 Kd6 33. h3 h5 34. hxg4 hxg4 35. Rd1+ Ke5 36. Rd8 Bf3 37. Rb8 Kd4 38. Re8 Kc3 0-1

[Event "*** Titled Tuesday Blitz"]
[Site "Chess.com"]
[Date "2020.04.21"]
[Round "6"]
[White "Shaman91"]
[Black "Grandmaster2B"]
[Result "1-0"]
[WhiteElo "2841"]
[BlackElo "2538"]
[TimeControl "180+1"]
[EndTime "11:08:41 PDT"]
[Termination "Shaman91 won on time"]

1. Nf3 Nf6 2. g3 e6 3. Bg2 c5 4. O-O Nc6 5. c4 Be7 6. Nc3 O-O 7. d4 cxd4 8. Nxd4 d5 9. cxd5 exd5 10. Bg5 Be6 11. Rc1 h6 12. Be3 Re8 13. Nxc6 bxc6 14. Na4 Bd7 15. Bc5 Bxc5 16. Nxc5 Bg4 17. Re1 Qa5 18.
a3 Rab8 19. h3 Bh5 20. g4 Bg6 21. Qd4 Qb5 22. b4 a5 23. bxa5 Qxa5 24. Qc3 Qb5 25. e3 Rbc8 26. a4 Qb6 27. Qd4 Kh8 28. f4 Bh7 29. f5 Qa7 30. Rc3 Nd7 31. Rec1 Nxc5 32.
Rxc5 Qa6 33. Bf1 Qb7 34. Bd3 Rc7 35. a5 Rb8 36. a6 Qa7 37. Rxc6 Qxd4 38. exd4 Ra7 39.
Rc7 Raa8 40. Rxf7 Bg8 41. Re7 Rb3 42. Bf1 Rg3+ 43. Kf2 Ra3 44. Rcc7 Ra2+ 45. Kg3 Ra3+ 46. Kh4 1-0

[Event "*** Titled Tuesday Blitz"]
[Site "Chess.com"]
[Date "2020.04.21"]
[Round "6"]
[White "adriangschnitzer"]
[Black "Darhild"]
[Result "0-1"]
[WhiteElo "2433"]
[BlackElo "2598"]
[TimeControl "180+1"]
[EndTime "11:08:41 PDT"]
[Termination "Darhild won by resignation"]

1. e4 c5 2. Nf3 d6 3. d4 cxd4 4. Nxd4 Nf6 5. Nc3 a6 6. Bg5 e6 7. f4 h6 8. Bh4 Qb6 9. Bxf6 gxf6 10.
Qd2 Qxb2 11. Rb1 Qa3 12. Be2 Qa5 13. O-O Nd7 14. Kh1 h5 15. f5 Qe5 16. Nf3 Qa5 17.
Nd4 Qe5 18. Nf3 Qc5 19. Nd4 Bh6 20. Qd3 Ne5 21. Qh3 Qxd4 22. Bxh5 exf5 23. Nd5 Bg5 24.
Nc7+ Kf8 25. Nxa8 Ng4 26. Nb6 Be6 27. exf5 Bxa2 28. Rbd1 Qxd1 29. Rxd1 Nf2+ 30. Kg1 Nxh3+ 31. gxh3 Be3+ 32. Kg2 Bxb6 33. Rxd6 Bc5 34. Rd8+ Kg7 35. Rxh8 Kxh8 36. Bf3 b6 0-1

[Event "*** Titled Tuesday Blitz"]
[Site "Chess.com"]
[Date "2020.04.21"]
[Round "6"]
[White "ferch1ni"]
[Black "jonaszmb"]
[Result "0-1"]
[WhiteElo "2312"]
[BlackElo "2465"]
[TimeControl "180+1"]
[EndTime "11:08:41 PDT"]
[Termination "jonaszmb won on time"]

1. e4 c5 2. Nf3 Nc6 3. d4 cxd4 4. Nxd4 e5 5. Nb3 Nf6 6. Nc3 Bb4 7. Bd3 d5 8. exd5 Nxd5 9. Bd2 Nxc3 10. bxc3 Be7 11.
O-O O-O 12. f4 exf4 13. Bxf4 Be6 14. Kh1 Bf6 15. Qd2 Rc8 16. Nc5 Qe7 17. Nxe6 fxe6 18.
Rae1 Kh8 19. Qe2 e5 20. Qh5 g6 21. Qh3 Bg7 22. Bh6 Bxh6 23. Qxh6 Qg7 24. Qg5 Rxf1+ 25. Rxf1 Rf8 26. Rxf8+ Qxf8 27. h4 Qe7 28. Qh6 Qg7 29.
Qg5 e4 30. Bxe4 Qxc3 31. h5 Qe1+ 32. Kh2 Qxe4 33. g3 Qe2+ 34. Kg1 Qd1+ 35. Kg2 Qxc2+ 36. Kg1 Qb1+ 37. Kg2 Qa1 0-1

[Event "*** Titled Tuesday Blitz"]
[Site "Chess.com"]
[Date "2020.04.21"]
[Round "6"]
[White "SPEEDSKATER"]
[Black "GOGIEFF"]
[Result "0-1"]
[WhiteElo "2789"]
[BlackElo "2965"]
[TimeControl "180+1"]
[EndTime "11:08:42 PDT"]
[Termination "GOGIEFF won by resignation"]

1. d4 Nf6 2. c4 e6 3. Nf3 b6 4. g3 Bb7 5. Bg2 Be7 6. O-O O-O 7. Re1 Na6 8. Nc3 Ne4 9. Bf4 Qc8 10. h4 d6 11. Qb3 f5 12. Rad1 Bf6 13. Nxe4 Bxe4 14. Ng5 Bxg2 15. Kxg2 e5 16. dxe5 dxe5 17. Be3 f4 18.
Bc1 Nc5 19. Qc2 Bxg5 20. hxg5 Qg4 21. Rh1 f3+ 22. exf3 Qxf3+ 23. Kg1 e4 24. Be3 Rad8 25. Kh2 Nd3 26. c5 Nxf2 27. Qxf2 Qxf2+ 28. Bxf2 Rxf2+ 29. Kh3 Rxd1 30. Rxd1 Rxb2 31. Rd8+ Kf7 32. Rd7+ Kg6 33. Rxc7 Rxa2 34. cxb6 axb6 35. Kg4 e3 36. Rc6+ Kf7 37.
Kf3 e2 38. Kf2 Rb2 39. Ke1 b5 40. Rb6 b4 41. Kf2 b3 42. Ke1 Rb1+ 43. Kxe2 b2 0-1

[Event "*** Titled Tuesday Blitz"]
[Site "Chess.com"]
[Date "2020.04.21"]
[Round "6"]
[White "Batica1984"]
[Black "lupta_robin"]
[Result "1-0"]
[WhiteElo "2766"]
[BlackElo "2529"]
[TimeControl "180+1"]
[EndTime "11:08:42 PDT"]
[Termination "Batica1984 won by resignation"]

1. e4 g6 2. d4 Nf6 3. Nc3 d5 4.
e5 Ne4 5. Nce2 f6 6. f3 Ng5 7. h4 Nf7 8. f4 Bg4 9. Be3 c5 10. c3 Nc6 11. Qd2 c4 12. Nh3 Bh6 13. Nf2 Qd7 14. Nxg4 Qxg4 15. g3 Qf3 16. Rh2 fxe5 17. Bg2 Qh5 18. Bxd5 exd4 19. Bxc6+ bxc6 20. Nxd4 O-O 21. Qe2 Qd5 22. O-O-O Nd6 23. h5 Bg7 24. hxg6 hxg6 25.
Qg4 Qe4 26. Qe6+ Rf7 27. Re1 Qxe6 28. Nxe6 Nf5 29. Bf2 Bf6 30. g4 Ng7 31. g5 Nxe6 32. Rxe6 Bg7 33. Be3 Rf5 34. Rxg6 Rd8 35. Bd4 Rf7 36. Re2 Rd7 37. Re4 Kf8 38. Bxg7+ Rxg7 39. Rxg7 Kxg7 40. Rxc4 Kg6 41. Rxc6+ Kf5 42. Rc4 Kg4 43.
Kc2 1-0

[Event "*** Titled Tuesday Blitz"]
[Site "Chess.com"]
[Date "2020.04.21"]
[Round "6"]
[White "GamayevOleg"]
[Black "GMJustin"]
[Result "1-0"]
[WhiteElo "2537"]
[BlackElo "2340"]
[TimeControl "180+1"]
[EndTime "11:08:42 PDT"]
[Termination "GamayevOleg won on time"]

1. d3 g6 2. e4 Bg7 3. Nf3 c5 4.
Be2 Nc6 5. O-O d5 6. c3 d4 7. cxd4 cxd4 8. Nbd2 e5 9. Nc4 b5 10. Na3 a6 11. Bd2 Nge7 12. Qc1 O-O 13. Bh6 f6 14. Bxg7 Kxg7 15. Qc5 Be6 16. Rfc1 Rc8 17. Qc2 Nb4 18. Qd2 Rxc1+ 19. Qxc1 Nxa2 20. Qd2 Qd6 21. Nc2 Rc8 22. Nfe1 b4 23. h3 a5 24. Bg4 b3 25.
Bxe6 Qxe6 26. Na3 a4 27. Nc4 Nc6 28. Nb6 Rc7 29. Nxa4 Ncb4 30. Qd1 Nc2 31. Rb1 Qa6 32. Qg4 Qxa4 33. f4 Qd7 34. Qg3 Qd6 35. f5 Nab4 36.
Nf3 Nxd3 37. fxg6 hxg6 38. Nh4 Qe6 39. Qxd3 Ne3 40. Re1 Rc2 41. Re2 Qc4 42. Rxe3 dxe3 43. Qxe3 Rxb2 44. Qg3 Qd4+ 45. Kh2 Qf2 46. Qxg6+ Kf8 47.
Nf5 Qf4+ 48. Ng3 Rf2 49. Qh6+ 1-0

[Event "*** Titled Tuesday Blitz"]
[Site "Chess.com"]
[Date "2020.04.21"]
[Round "6"]
[White "Eliwood44"]
[Black "Halvard"]
[Result "1-0"]
[WhiteElo "2324"]
[BlackElo "2094"]
[TimeControl "180+1"]
[EndTime "11:08:42 PDT"]
[Termination "Eliwood44 won on time"]

1. d4 Nf6 2. Nf3 d6 3. Nc3 d5 4. g3 Bf5 5. Bg2 e6 6. O-O Be7 7. Bf4 O-O 8. Nb5 Na6 9. c4 c6 10.
Nc3 dxc4 11. Ne5 Nd5 12. e4 Nxf4 13. gxf4 Bg6 14. Nxc4 f6 15. Qd2 Bf7 16. Ne3 Qd7 17. Rad1 Rad8 18. Bh3 Qc7 19. Ng2 e5 20. fxe5 fxe5 21.
d5 Bb4 22. Ne3 Nc5 23. Qc2 Bxc3 24. bxc3 cxd5 25. exd5 Bg6 26. Qe2 Qe7 27. c4 Qg5+ 28. Qg4 Qxg4+ 29. Nxg4 Bd3 30. Nxe5 Bxf1 31. Rxf1 Rde8 32.
f4 g5 33. Nd7 Nxd7 34. Bxd7 Re2 35. f5 Rc2 36. d6 Rd2 37. Be6+ Kg7 38. c5 b6 39. cxb6 axb6 40. d7 1-0

[Event "*** Titled Tuesday Blitz"]
[Site "Chess.com"]
[Date "2020.04.21"]
[Round "6"]
[White "RoelandPruijssers"]
[Black "Fh2411"]
[Result "1-0"]
[WhiteElo "2611"]
[BlackElo "2463"]
[TimeControl "180+1"]
[EndTime "11:08:43 PDT"]
[Termination "RoelandPruijssers won by resignation"]

1. e4 c5 2. Nf3 e6 3. d4 cxd4 4. Nxd4 a6 5. Bd3 Bc5 6. Nb3 Be7 7. O-O d6 8. Qg4 g6 9. Qe2 Nc6 10.
a4 Nf6 11. Bh6 Nh5 12. f4 Bf6 13. Nc3 Ng7 14. e5 dxe5 15. Ne4 Nf5 16. Nxf6+ Qxf6 17. Bg5 Qg7 18. fxe5 Nxe5 19. g4 Nxg4 20. Qxg4 O-O 21. Bxf5 exf5 22. Qh4 Re8 23. c3 Be6 24. Nd4 Qf8 25.
Rae1 Bc4 26. Rxe8 Rxe8 27. Re1 Rxe1+ 28. Qxe1 f6 29. Bd2 Qd6 30. Qg3 Qe5 31. b3 Bd5 32. Qe3 Qe4 33. Qxe4 fxe4 34. c4 Bf7 35. Kf2 Kg7 36. Bc3 f5 37. Nxf5+ Kf8 38. Nd6 1-0

[Event "*** Titled Tuesday Blitz"]
[Site "Chess.com"]
[Date "2020.04.21"]
[Round "6"]
[White "Chess_Boxer123"]
[Black "Irishchessman16"]
[Result "0-1"]
[WhiteElo "2532"]
[BlackElo "2404"]
[TimeControl "180+1"]
[EndTime "11:08:43 PDT"]
[Termination "Irishchessman16 won by resignation"]

1. e4 c5 2. Nf3 Nc6 3. Bb5 e6 4. O-O Nge7 5. Re1 g6 6. d4 cxd4 7. Nxd4 Bg7 8. Be3 O-O 9. Nc3 f5 10. exf5 gxf5 11. Nf3 d5 12. Bc5 Rf6 13. Ne2 e5 14.
Bxe7 Qxe7 15. Nf4 Rd6 16. c4 dxc4 17. Bxc4+ Kh8 18. Nd5 Qd8 19. Qc2 e4 20. Nd2 Rxd5 21.
Bxd5 Qxd5 22. Rad1 Qf7 23. Nc4 Be6 24. Nd6 Qc7 25.
Qc5 Be5 26. Nc4 Bxh2+ 27. Kh1 Bf4 28. Nd6 Qe7 29. Qa3 Qh4+ 30. Kg1 Qh2+ 31. Kf1 Qh1+ 32. Ke2 Qxg2 33. Rg1 Qf3+ 34. Qxf3 exf3+ 35. Kxf3 Be5 36. Rde1 Bxd6 37. Rxe6 Nd4+ 0-1